 Dungeon Crawl Stone Soup version 0.32-a0-779-g362cfcae2a (webtiles) character file.

Game seed: 8812660020532161592

620 Fodor the Covered (level 7, 0/60 HPs)
             Began as a Minotaur Fighter on Mar 19, 2024.
             Slain by a gnoll sergeant
             ... wielding a +1 spear of freezing
              (9 damage)
             ... on level 5 of the Dungeon.
             The game lasted 00:07:52 (2781 turns).

Fodor the Covered (Minotaur Fighter)                Turns: 2781, Time: 00:07:53

Health: 0/60       AC:  7    Str: 23    XL:     7   Next: 22%
Magic:  6/6        EV:  9    Int:  5    God:
Gold:   150        SH:  4    Dex:  9    Spells: 6/6 levels left

rFire   . . .        a - +0 war axe
rCold   . . .        c - +0 buckler
rNeg    . . .        b - +0 scale mail
rPois   .            (helmet restricted)
rElec   .            (no cloak)
rCorr   .            (no gloves)
SInv    .            (no boots)
Will    .....        (no amulet) Stlth
                     (no ring)
HPRegen 0.30/turn    (no ring)
MPRegen 0.10/turn

%: no passive effects
@: weakened
A: horns 2, retaliatory headbutt
a: no special abilities


You were on level 5 of the Dungeon.
You visited 1 branch of the dungeon, and saw 5 of its levels.

You collected 150 gold pieces.

Inventory:

Hand Weapons
 a - a +0 war axe (weapon)
Missiles
 m - 2 throwing nets (quivered)
Armour
 b - a +0 scale mail (worn)
 c - a +0 buckler (worn)
Wands
 n - a wand of flame (14)
Scrolls
 e - 5 scrolls of identify {unknown}
 h - 4 scrolls of teleportation {unknown}
 i - 2 scrolls of immolation
 j - a scroll of enchant weapon {unknown}
 k - a scroll of silence {unknown}
 l - a scroll of fear {unknown}
 p - a scroll of revelation {unknown}
 q - a scroll of fog {unknown}
 r - a scroll of torment {unknown}
 u - a scroll of poison {unknown}
Potions
 d - 2 potions of might
 f - a potion of invisibility {unknown}
 g - a potion of attraction {unknown}
 o - 3 potions of lignification {unknown}
 s - a potion of brilliance {unknown}
 t - a potion of degeneration {unknown}
 v - a potion of resistance {unknown}


   Skills:
 + Level 4.9 Fighting
 + Level 5.6 Axes
 + Level 0.1 Throwing
 + Level 6.4 Armour
 + Level 2.8 Dodging
 + Level 0.3 Stealth
 + Level 4.5 Shields


You had 6 spell levels left.
You didn't know any spells.
Your spell library contained the following spells:

 Spells                   Type           Power      Damage    Failure   Level
 Shock                    Conj/Air       0%         1d3       83%         1
 Swiftness                Air            0%         N/A       99%         3
 Airstrike                Air            0%         2d(0-16)  100%        4


Dungeon Overview and Level Annotations

Branches:
Dungeon (5/15)
 Temple: D:4-7

Altars:
Fedhas

Shops:
D:4 (


Innate Abilities, Weirdness & Mutations

You have a pair of horns on your head.
You reflexively headbutt those who attack you in melee.


Message History

The gnoll bouda gazes fiercely through you!
You feel your attacks grow feeble.
The gnoll hits you from afar with a +0 spear.
The gnoll barely misses you.
You hit the gnoll sergeant but do no damage.
The gnoll sergeant is lightly wounded.
You hit the gnoll but do no damage. You hit the scorpion.
The gnoll sergeant closely misses you. The scorpion barely misses you.
You furiously retaliate!
You headbutt the scorpion!
The shadow imp laughs crazily.
The gnoll bouda calls upon its god to heal the gnoll.
The gnoll's wounds heal themselves!
You block the gnoll's attack. The gnoll barely misses you.
You furiously retaliate!
You headbutt the gnoll. The gnoll hits you but does no damage.
You hit the gnoll sergeant but do no damage.
The gnoll sergeant is lightly wounded.
You hit the gnoll but do no damage. You barely miss the scorpion.
The scorpion stings you.
The gnoll sergeant hits you with a +1 spear of freezing!
* * * LOW HITPOINT WARNING * * *
The gnoll sergeant freezes you.
* * * LOW HITPOINT WARNING * * *
The gnoll bouda calls upon its god to heal the gnoll.
The gnoll's wounds heal themselves!
You block the gnoll's attack. The gnoll barely misses you.
The gnoll completely misses you. The scorpion stings you.
* * * LOW HITPOINT WARNING * * *
You block the gnoll sergeant's attack.
You hit the gnoll sergeant.
The gnoll sergeant is moderately wounded.
You closely miss the scorpion. You hit the gnoll.
The gnoll bouda barks out a call to the hunt!
The gnoll picks up the pace!
The gnoll hits you but does no damage. The gnoll hits you with a +0 club.
* * * LOW HITPOINT WARNING * * *
The gnoll hits you from afar with a +0 spear.
* * * LOW HITPOINT WARNING * * *
You block the scorpion's attack.
The gnoll sergeant hits you with a +1 spear of freezing!
You die...

.....#...#
##.####.#.##<..# .
...>....#....#####..
###....#.............
......#..#...........
..........(#.......#.
#..........#...#...
#.....g)g....#.....
#...gw@†....%#$....
##..#g.s...#...#...
..g......5#.......#.
...##....#..........
.P #.#............. .
...##......##....
.### ####..>...###
###.#. #


You could see a gnoll sergeant (swift), a gnoll bouda, a scorpion, 3 gnolls, a
shadow imp and a dart slug.

Vanquished Creatures
  Sigmund (D:3)
  A black bear (D:4)
  A bombardier beetle (D:3)
  3 hounds
  3 orc priests
  2 orc wizards
  2 adders
  A gnoll (D:5)
  A ribbon worm (D:3)
  A dart slug (D:1)
  11 orcs
  6 ball pythons
  3 endoplasms
  3 giant cockroaches
  2 goblins
  5 hobgoblins
  6 jackals (D:3)
  5 kobolds
  2 quokkas
  5 bats
  7 frilled lizards
  5 rats
76 creatures vanquished.

Notes
Turn   | Place    | Note
-------+----------+-------------------------------------------
     0 | D:1      | Fodor the Minotaur Fighter began the quest for the Orb.
     0 | D:1      | Reached XP level 1. HP: 19/19 MP: 0/0
   332 | D:1      | Reached XP level 2. HP: 25/27 MP: 1/1
   423 | D:1      | Reached skill level 4 in Armour
  1022 | D:2      | Found a faded altar of an unknown god.
  1261 | D:2      | Found a blossoming altar of Fedhas.
  1303 | D:2      | Reached XP level 3. HP: 33/33 MP: 2/2
  1526 | D:3      | Reached XP level 4. HP: 24/40 MP: 3/3
  1536 | D:3      | Noticed Sigmund
  1540 | D:3      | Reached XP level 5. HP: 26/47 MP: 4/4
  1556 | D:3      | Killed Sigmund
  1557 | D:3      | Reached skill level 5 in Armour
  1557 | D:3      | Reached skill level 1 in Dodging
  1557 | D:3      | Reached XP level 6. HP: 24/55 MP: 5/5
  2180 | D:4      | Reached skill level 6 in Armour
  2187 | D:4      | Reached skill level 5 in Axes
  2580 | D:4      | Reached XP level 7. HP: 43/60 MP: 6/6
  2717 | D:4      | Found Orooh's Antique Weapon Shoppe.
  2744 | D:4      | You fall into a shaft and drop 1 floor!
  2744 | D:5      | Entered Level 5 of the Dungeon
  2781 | D:5      | Slain by a gnoll sergeant

Illustrated notes

Levels and vault maps discovered:
D:1:      eino_arrival_cavern_b, layout_loops_cross, minmay_stone_trees_small,
          minmay_pentomino_o2
D:2:      layout_basic, hellmonk_ecumenical_altar_blasted, serial_bayou,
          serial_bayou_lake_a, serial_bayou_pond_c, serial_bayou_pond_d,
          serial_bayou_pond_e, basic_altar, chequers_serial_rivers_room_b
D:3:      layout_loops_ring, minmay_strange_pillars, uniq_sigmund
D:4:      layout_cave_pods, serial_shops, nicolae_shop_statue_plus,
          minmay_misc_feat_diagonals, palyth_stone_intersect
D:5:      layout_basic, serial_shops, shop, nicolae_shop_advertising_works
          [nicolae_subvault_shop_adworks], shop, shop_coins,
          ebering_ghost_disaster_area, minmay_misc_feat_more_columns,
          chequers_serial_rivers_micro_e, nicolae_grassy_gnolls

Skill      XL: |  1  2  3  4  5  6 |
---------------+-------------------+-----
Fighting       | 4 |  4.9
Armour         | 4 5 6 |  6.4
Shields        | 4 |  4.5
Axes           | 3 4 5 |  5.6
Dodging        | 1 2 |  2.8
Throwing       | |  0.1
Stealth        | |  0.3

Action                     |  1- 3 |  4- 6 |  7- 9 || total
---------------------------+-------+-------+-------++-------
  Melee: War axe           |    71 |    78 |     9 ||   158
         Headbutt          |     6 |    11 |     2 ||    19
  Throw: Throwing net      |     1 |       |       ||     1
    Use: Potion            |       |     2 |       ||     2
 Armour: Scale mail        |    63 |    69 |    22 ||   154
  Dodge: Dodged            |    32 |    42 |    11 ||    85
  Block: Buckler           |    25 |    18 |     9 ||    52

Table legend: (Time is in decaauts)
 A = Elapsed time spent in this place.
 B = Non-inter-level travel time spent in this place.
 C = Inter-level travel time spent in this place.
 D = Time resting spent in this place.
 E = Time spent auto-exploring this place.
 F = Levels seen in this place.
 G = Mean time per level.
                   A        B        C        D        E       F      G
               +--------+--------+--------+--------+--------+-----+--------+
         Total |   2854 |   2823 |     31 |      0 |   1973 |   5 |  570.8 |
       Dungeon |   2854 |   2823 |     31 |      0 |   1973 |   5 |  570.8 |
               +--------+--------+--------+--------+--------+-----+--------+

Top non-repeatable levels by time:
     D:1: 762 daAuts
     D:3: 760 daAuts
     D:2: 711 daAuts
     D:4: 581 daAuts
     D:5: 38 daAuts
